 Dungeon Crawl Stone Soup version 0.23-a0-4-g8f018a2 (webtiles) character file.

3677 Amnesiac the Thrower (level 9, -19/74 HPs)
             Began as a Mummy Hunter on July 31, 2018.
             Was a Priest of Okawaru.
             Demolished by an orc warrior
             ... wielding a +0 battleaxe
              (36 damage)
             ... in a bailey.
             The game lasted 00:16:53 (7869 turns).

Amnesiac the Thrower (Mummy Hunter)                 Turns: 7869, Time: 00:16:53

Health: -19/74     AC: 13    Str: 18    XL:     9   Next: 89%
Magic:  9/9        EV: 22    Int: 10    God:    Okawaru [***...]
Gold:   404        SH:  0    Dex: 13    Spells: 8/8 levels left

rFire    . . .     SeeInvis .   m - +0 blowgun
rCold    + . .     Gourm    .   (no shield)
rNeg     + + +     Faith    .   s - +0 chain mail
rPois    ∞         Spirit   .   (no helmet)
rElec    .         Reflect  .   p - +0 cloak
rCorr    .         Harm     .   (no gloves)
MR       +....                  E - +0 pair of boots
Stlth    ..........             o - amulet of the acrobat
HPRegen  0.22/turn              r - ring of protection from fire
MPRegen  0.11/turn              A - +3 ring of protection

@: no status effects
A: no food or potions, fire vulnerability, cold resistance 1, negative energy
resistance 3, torment resistance, unbreathing
a: Heroism, Renounce Religion


You were in a bailey.
You worshipped Okawaru.
Okawaru was most pleased with you.
You were not hungry.

You visited 2 branches of the dungeon, and saw 8 of its levels.
You also visited: Sewer and Bailey.

You collected 404 gold pieces.

Inventory:

Hand Weapons
 a - a +1 hunting sling of flaming
 b - a +2 dagger of speed
 m - a +0 blowgun (weapon)
 D - a +1 dagger of venom
Missiles
 d - 2 throwing nets
 e - 155 stones
 g - 12 poisoned needles (quivered)
 i - 6 javelins
 k - 69 sling bullets
 q - 17 tomahawks
 C - a tomahawk of returning
Armour
 p - a +0 cloak (worn)
 s - a +0 chain mail (worn)
 E - a +0 pair of boots (worn)
Jewellery
 o - an amulet of the acrobat (around neck)
 r - a ring of protection from fire (left hand)
 y - an uncursed ring of protection from fire
 A - a +3 ring of protection (right hand)
Wands
 c - a wand of digging (7)
 t - a wand of flame (50)
Scrolls
 f - a scroll of enchant armour {!r}
 h - 8 scrolls of remove curse {!r}
 j - a scroll of acquirement {!r}
 l - a scroll of amnesia {!r}
 n - 3 scrolls of magic mapping {!r}
 u - a scroll of noise {!r, unknown}
 v - 2 scrolls of teleportation {!r}
 w - 2 scrolls of fog {!r}
 x - a scroll of blinking {!r}
 z - a scroll of enchant weapon {!r}
 B - a scroll of identify {!r}


   Skills:
 + Level 8.1 Fighting
 - Level 3.1 Short Blades
 * Level 10.0 Throwing
 - Level 1.5 Dodging
 - Level 0.7 Stealth


You had 8 spell levels left.
You didn't know any spells.
Your spell library was empty.

Dungeon Overview and Level Annotations

Branches:
Dungeon (7/15)             Temple (1/1) D:6

Altars:
Ashenzari
Cheibriados
Dithmenos
Elyvilon
Fedhas
Gozag
Hepliaklqana
Kikubaaqudgha
Makhleb
Nemelex Xobeh
Okawaru
Qazlal
Ru
Sif Muna
Trog
Uskayaw
Vehumet
Xom
Yredelemnul
Zin
The Shining One

Annotations:
D:4 1 runed door, lurker's ghost, amateur OgWz
D:5 1 runed door, Leszczynek's ghost, amateur DEMo


Innate Abilities, Weirdness & Mutations

You do not eat or drink.
Your flesh is vulnerable to fire.
You are immune to poison.
Your flesh is cold resistant. (rC+)
You are immune to negative energy. (rN+++)
You are immune to unholy pain and torment.
You can survive without breathing.


Message History

Press: ? - help, Shift-Dir - straight line, f/p - orc knight
Aim: an orc knight, wielding a war axe and wearing a scale mail (lightly wounded, poisoned)
You shoot a poisoned needle.
The poisoned needle hits the orc knight!
The orc knight looks even sicker.
The orc knight is lightly wounded.
You hear a splash.
You kill the orc!
Okawaru accepts your kill.
You hear a splash. x2
An orc warrior comes into view. It is wielding a battleaxe.
Firing (i - inventory. (/) - cycle)
g - 16 poisoned needles (quivered)
Press: ? - help, Shift-Dir - straight line, f/p - orc knight
Aim: an orc knight, wielding a war axe and wearing a scale mail (lightly wounded, poisoned)
You shoot a poisoned needle.
The poisoned needle hits the orc knight!
The orc knight looks as sick as possible!
The orc knight is lightly wounded.
You hear a splash.
The orc barely misses you.
You kill the orc warrior!
Okawaru accepts your kill.
Okawaru will gift you ammunition as your piety grows.
Your Throwing skill increases to level 10!
The orc jeers loudly, as Orcs often do.
Things that are here:
a hand axe; a leather armour You kill the orc!
Okawaru accepts your kill.
Firing (i - inventory. (/) - cycle)
g - 15 poisoned needles (quivered)
Press: ? - help, Shift-Dir - straight line, f - orc warrior, p - orc knight
Aim: an orc warrior, wielding a hand axe and wearing a ring mail (unusually strong)
You shoot a poisoned needle.
The poisoned needle barely misses the orc knight.
The poisoned needle closely misses the orc warrior.
The poisoned needle closely misses the gnoll.
You hear a splash.
Unknown command.
Firing (i - inventory. (/) - cycle)
g - 14 poisoned needles (quivered)
Press: ? - help, Shift-Dir - straight line, f/p - orc warrior
Aim: an orc warrior, wielding a hand axe and wearing a ring mail (unusually strong)
You shoot a poisoned needle.
The poisoned needle hits the orc knight!
The orc knight looks as sick as possible!
The orc knight is moderately wounded.
Firing (i - inventory. (/) - cycle)
g - 13 poisoned needles (quivered)
Press: ? - help, Shift-Dir - straight line, f/p - orc warrior
Aim: an orc warrior, wielding a hand axe and wearing a ring mail (unusually strong)
You shoot a poisoned needle.
The poisoned needle closely misses the orc warrior.
The orc knight hits you with a war axe. The orc warrior barely misses you.
Things that are here:
a hand axe; a leather armour; an orc corpse The orc knight misses you.
Things that are here:
a hand axe; a leather armour; a goblin corpse The orc warrior misses you.
The orc warrior hits you with a battleaxe!!
* * * LOW HITPOINT WARNING * * *
Things that are here:
a hand axe; a leather armour; an orc corpse You see here a poisoned needle.
The orc warrior hits you with a battleaxe!!!
You die...

###### ≈≈≈≈
#..'.#≈≈≈≈≈≈≈
#))###≈≈≈≈≈≈≈
#.g).#≈≈≈≈≈≈≈
#.ooo#≈≈≈≈≈≈≈
.#########@#≈≈≈≈≈≈≈
∩(g...'..#)(≈≈≈≈≈≈≈
#.######..#()≈≈≈≈≈≈≈
#.#..? #..#()≈≈≈≈≈≈≈
'..? #..#(≈≈≈≈≈≈≈≈
#########..#)≈≈≈≈≈≈≈≈
....(...#'##(≈≈≈≈≈≈≈≈
.._....)..().≈≈≈≈≈≈≈≈
.......o.8(#)≈≈≈≈≈≈≈≈


You could see an orc knight, 2 orc warriors and a gnoll.

Vanquished Creatures
  2 orc knights (Bailey)
  3 orc warriors (Bailey)
  Grinder (Sewer)
  Menkaure (D:4)
  2 ice beasts
  A phantom (D:5)
  An ogre (D:6)
  A centaur (D:6)
  A big kobold (Sewer)
  2 bullfrogs (D:6)
  A scorpion (D:5)
  A killer bee (D:7)
  2 electric eels (Bailey)
  2 crimson imps
  A quasit (Sewer)
  A jelly (D:6)
  3 orc priests
  A centaur skeleton (D:4)
  2 hounds
  Jessica (D:3)
  2 iguanas (D:4)
  Terence (D:3)
  3 orc wizards
  8 worker ants
  3 big kobold zombies (Sewer)
  2 gnolls (Bailey)
  9 adders
  2 shadow imps
  4 ufetubi (Sewer)
  2 oozes
  An adder skeleton (D:5)
  5 worms (D:3)
  A dart slug (D:3)
  6 leopard geckos
  29 orcs
  5 bats
  19 giant cockroaches
  13 goblins
  5 hobgoblins
  5 jackals
  A ball python (D:2)
  4 frilled lizards
  23 kobolds
  A leopard gecko skeleton (D:7)
  3 quokka skeletons
  7 rats
194 creatures vanquished.

Vanquished Creatures (collateral kills)
  The ghost of DrakeDragon the Summoner, a novice TeSu of Okawaru (D:7)
  An ogre (D:7)
  A goblin (Bailey)
3 creatures vanquished.

Vanquished Creatures (others)
  2 orc sorcerers (Bailey)
  An ooze (Sewer)
  2 giant cockroach zombies (Sewer)
5 creatures vanquished.

Grand Total: 202 creatures vanquished

Notes
Turn   | Place    | Note
-------+----------+-------------------------------------------
     0 | D:1      | Amnesiac the Mummy Hunter began the quest for the Orb.
     0 | D:1      | Reached XP level 1. HP: 16/16 MP: 1/1
   313 | D:1      | Reached XP level 2. HP: 19/22 MP: 2/2
   985 | D:2      | Reached XP level 3. HP: 21/28 MP: 3/3
  1093 | D:2      | Reached skill level 4 in Throwing
  1875 | D:3      | Found a glowing drain.
  1900 | Sewer    | Entered a sewer
  1970 | Sewer    | Reached XP level 4. HP: 17/34 MP: 4/4
  2291 | Sewer    | Reached XP level 5. HP: 5/41 MP: 5/5
  2552 | Sewer    | Found a burning altar of Makhleb.
  2629 | Sewer    | Noticed Grinder
  2642 | Sewer    | Reached skill level 5 in Throwing
  2649 | Sewer    | Paralysed by Grinder for 2 turns
  2667 | Sewer    | Killed Grinder
  2667 | Sewer    | Reached XP level 6. HP: 20/48 MP: 6/6
  3107 | D:3      | Noticed Jessica
  3108 | D:3      | Killed Jessica
  3108 | D:3      | Reached skill level 6 in Throwing
  3183 | D:3      | Noticed Terence
  3196 | D:3      | Killed Terence
  3196 | D:3      | Reached XP level 7. HP: 34/55 MP: 7/7
  3463 | D:3      | Found a stormy altar of Qazlal.
  3463 | D:3      | Found a sacrificial altar of Ru.
  3463 | D:3      | Found a shattered altar of Ashenzari.
  3463 | D:3      | Found a sparkling altar of Nemelex Xobeh.
  4277 | D:4      | Found a runed door.
  4297 | D:4      | Reached skill level 5 in Fighting
  4334 | D:4      | Noticed lurker's ghost (amateur OgWz)
  4754 | D:4      | Noticed Menkaure
  4765 | D:4      | Killed Menkaure
  4912 | D:5      | Entered Level 5 of the Dungeon
  4971 | D:5      | Reached skill level 7 in Throwing
  5028 | D:5      | Reached XP level 8. HP: 44/63 MP: 8/8
  5139 | D:5      | Found a runed door.
  5142 | D:5      | Noticed Leszczynek's ghost (amateur DEMo)
  5218 | D:5      | Reached skill level 1 in Short Blades
  5483 | D:5      | Found a basalt altar of Yredelemnul.
  5658 | D:5      | Found a basalt altar of Yredelemnul.
  5942 | D:6      | Found a staircase to the Ecumenical Temple.
  5952 | Temple   | Entered the Ecumenical Temple
  6087 | Temple   | Became a worshipper of Warmaster Okawaru
  6261 | D:6      | Reached skill level 8 in Throwing
  6606 | D:6      | Found a sacrificial altar of Ru.
  6755 | D:6      | You fall through a shaft!
  6762 | D:7      | Found a flagged portal.
  6861 | D:7      | Noticed DrakeDragon's ghost (novice TeSu)
  6883 | D:7      | Found a runed gate.
  6884 | D:7      | Found a runed gate.
  6885 | D:7      | Found a runed gate.
  6888 | D:7      | Reached * piety under Okawaru
  6973 | D:7      | Reached XP level 9. HP: 70/71 MP: 9/9
  7040 | D:7      | Killed DrakeDragon's ghost
  7108 | Bailey   | Entered a bailey
  7397 | Bailey   | Found an iron altar of Okawaru.
  7397 | Bailey   | Noticed an orc sorcerer
  7397 | Bailey   | Noticed an orc sorcerer
  7439 | Bailey   | Reached skill level 9 in Throwing
  7535 | Bailey   | Noticed an orc knight
  7546 | Bailey   | Noticed an orc knight
  7595 | Bailey   | Killed an orc knight
  7595 | Bailey   | Reached ** piety under Okawaru
  7601 | Bailey   | Noticed an orc knight
  7664 | Bailey   | Killed an orc knight
  7859 | Bailey   | Reached *** piety under Okawaru
  7859 | Bailey   | Reached skill level 10 in Throwing
  7869 | Bailey   | Demolished by an orc warrior

Vault maps used:
D:1:      lemuel_arrival_broad_hall
D:2:      minmay_roachtagon, first_ration
D:3:      chequers_temple_overflow_statue_of_worship,
          cheibrodos_sewer_entry_drain, uniq_terence, uniq_jessica
D:4:      ebering_ghost_sewer_d, minmay_misc_feat_enclosed,
          kennysheep_cross_room, uniq_grinder, uniq_menkaure
D:5:      kennysheep_mini, ebering_ghost_sewer_d, yredelemnul_altar_generic
D:6:      minmay_temple_entry_statues_pillars, basic_altar,
          minmay_misc_feat_encased, tgw_trog
D:7:      serial_co_window_serial, co_window_paths_a, co_window_corner_a,
          co_window_corner_a, co_window_paths_b, co_window_corner_a,
          co_window_broadway_c, co_window_broadway_b,
          co_window_of_opportunity_c, co_window_unsneaky_path_d,
          glass_columns_b, glass_columns_a, gammafunk_ghost_split, serial_shops,
          shop, enter_bailey_8
Temple:   nicolae_temple_elliptical
Sewer:    kennysheep_sewer_church
Bailey:   bailey_axe_of_yendor_kennysheep, bailey

Skill      XL: |  1  2  3  4  5  6  7  8  9 |
---------------+----------------------------+-----
Throwing       | 4 5 6 7 8 10 | 10.0
Fighting       | 3 4 5 6 8 |  8.1
Short Blades   | 2 3 |  3.1
Dodging        | |  1.5
Stealth        | |  0.7

Action                   |  1- 3 |  4- 6 |  7- 9 || total
-------------------------+-------+-------+-------++-------
Melee: Short sword       |    18 |       |       ||    18
       Rapier            |    58 |       |       ||    58
       Dagger            |       |       |     6 ||     6
 Fire: Hunting sling     |    63 |   187 |   505 ||   755
       Blowgun           |       |       |    50 ||    50
Throw: Javelin           |    11 |    11 |     6 ||    28
       Throwing net      |       |     6 |       ||     6
       Tomahawk          |       |       |    38 ||    38
Invok: Heroism           |       |       |     5 ||     5
Evoke: Wand              |       |       |    14 ||    14
  Use: Scroll            |       |       |     8 ||     8
Armor: Leather armour    |    39 |    39 |     8 ||    86
       Chain mail        |       |       |   124 ||   124
Dodge: Dodged            |   114 |   107 |   158 ||   379

Table legend:
 A = Spawn XP
 B = Non-spawn XP
 C = Spawn XP percentage of total XP
 D = Spawn monster count
 E = Non-spawn monster count
 F = Spawn count percentage of total count
 G = Total turns spent on level
                    A         B        C        D         E        F      G
               +---------+---------+-------+---------+---------+-------+---------
         Total |       0 |    5254 |   0.0 |       0 |     197 |   0.0 |  7869
               +---------+---------+-------+---------+---------+-------+---------
           D:1 |       0 |      21 |   0.0 |       0 |      14 |   0.0 |   847
           D:2 |       0 |      54 |   0.0 |       0 |      24 |   0.0 |  1003
           D:3 |       0 |     217 |   0.0 |       0 |      29 |   0.0 |   968
           D:4 |       0 |     381 |   0.0 |       0 |      11 |   0.0 |   889
           D:5 |       0 |     640 |   0.0 |       0 |      20 |   0.0 |   971
           D:6 |       0 |     709 |   0.0 |       0 |      26 |   0.0 |   702
           D:7 |       0 |     512 |   0.0 |       0 |      11 |   0.0 |   353
         Sewer |       0 |     584 |   0.0 |       0 |      33 |   0.0 |  1205
        Bailey |       0 |    2136 |   0.0 |       0 |      29 |   0.0 |   761
               +---------+---------+-------+---------+---------+-------+---------
